 Dungeon Crawl Stone Soup version 0.24.0-125-gc4c63601f3 (webtiles) character file.

Game seed: 9497203710762272594, levelgen mode: deterministic

53 Descartes the Magician (level 3, -1/19 HPs)
             Began as a Deep Elf Wizard on Mar 20, 2020.
             Slain by Natasha (8 damage)
             ... on level 1 of the Dungeon.
             The game lasted 00:03:05 (1410 turns).

Descartes the Magician (Deep Elf Wizard)            Turns: 1410, Time: 00:03:06

Health: -1/19      AC:  2    Str:  4    XL:     3   Next: 62%
Magic:  6/11       EV: 13    Int: 23    God:
Gold:   64         SH:  0    Dex: 13    Spells: 11/12 levels left

rFire    . . .     SeeInvis .   g - +0 dagger
rCold    . . .     Gourm    .   (no shield)
rNeg     . . .     Faith    .   a - +0 robe
rPois    .         Spirit   .   b - +0 hat
rElec    .         Reflect  .   (no cloak)
rCorr    .         Harm     .   (no gloves)
MR       .....                  (no boots)
Stlth    ++........             (no amulet)
HPRegen  0.06/turn              (no ring)
MPRegen  0.12/turn              (no ring)

@: no status effects
A: no striking features
a: no special abilities


You were on level 1 of the Dungeon.
You were not hungry.

You visited 1 branch of the dungeon, and saw 2 of its levels.

You collected 64 gold pieces.

Inventory:

Hand Weapons
 g - a +0 dagger (weapon)
Missiles
 c - 75 stones (quivered)
Armour
 a - a +0 robe (worn)
 b - a +0 hat (worn)
Scrolls
 e - a scroll of identify {unknown}
 h - a scroll of magic mapping {unknown}
 i - 2 scrolls of fear {unknown}
 j - a scroll of enchant armour {unknown}
Potions
 k - a potion of agility {unknown}
Comestibles
 d - 4 rations
 f - a chunk of flesh


   Skills:
 + Level 3.0 Dodging
 + Level 3.0 Stealth
 * Level 5.2 Spellcasting
 * Level 2.4 Conjurations
   Level 1.1 Summonings
   Level 1.1 Translocations


You had 11 spell levels left.
You knew the following spells:

 Your Spells              Type           Power        Failure   Level  Hunger
a - Magic Dart            Conj           ###.         3%          1    None

Your spell library contained the following spells:

 Spells                   Type           Power        Failure   Level  Hunger
 Blink                    Tloc           N/A          9%          2    None
 Call Imp                 Summ           ##......     9%          2    None
 Slow                     Hex            #.......     14%         2    None
 Conjure Flame            Conj/Fire      ##......     17%         3    ##.....
 Mephitic Cloud           Conj/Pois/Air  #.......     21%         3    ##.....


Dungeon Overview and Level Annotations

Branches:
Dungeon (2/15)

Altars:

Annotations:
D:1 Natasha


Message History

You climb upwards.
The white imp disappears in a puff of smoke!
There is a stone staircase leading down here.
Casting: Magic Dart (safe; 3% risk of failure)
Confirm with . or Enter, or press ? or * to list all spells.
Aiming: Magic Dart (safe; 3% risk of failure)
Press: ? - help, Shift-Dir - straight line, f - Natasha
Aim: Natasha (moderately wounded)
The magic dart hits Natasha but does no damage.
Natasha is moderately wounded.
Natasha barely misses you.
Casting: Magic Dart (safe; 3% risk of failure)
Confirm with . or Enter, or press ? or * to list all spells.
Aiming: Magic Dart (safe; 3% risk of failure)
Press: ? - help, Shift-Dir - straight line, f/p - Natasha
Aim: Natasha (moderately wounded)
The magic dart hits Natasha.
Natasha is heavily wounded.
Natasha claws you!
You die...

### #.##.#.# ####### #......#
#.....# ####.### #.....######.###
#.....##.......#
#####.....##.###.#.#
##.........##.###.#.#
.#.##########.##h.#.# .#.#
#.##@##.# .#.##########.##.##.#
.#.........##.......# #######
.#..#.###..#####.#### #......
.#..#.###..#####.##########.#####
##..#............##......##.#####
...........########.####.##.##...
###.#.##...# #.####.##.##.##
#........# #.#.....#......


You could see Natasha.

Vanquished Creatures
  An adder (D:2)
  A gnoll (D:1)
  3 dart slugs (D:1)
  2 leopard geckos (D:1)
  2 bats (D:1)
  A giant cockroach (D:1)
  6 goblins
  3 hobgoblins (D:1)
  2 frilled lizards (D:1)
  3 kobolds (D:1)
  4 rats (D:1)
28 creatures vanquished.

Notes
Turn   | Place    | Note
-------+----------+-------------------------------------------
     0 | D:1      | Descartes the Deep Elf Wizard began the quest for the Orb.
     0 | D:1      | Reached XP level 1. HP: 10/10 MP: 7/7
   188 | D:1      | Reached XP level 2. HP: 15/15 MP: 0/9
   631 | D:1      | Reached skill level 5 in Spellcasting
   631 | D:1      | Reached XP level 3. HP: 15/19 MP: 4/11
  1374 | D:2      | Noticed Natasha
  1410 | D:1      | Slain by Natasha

Levels and vault maps discovered:
D:1:      wander_arrival_peaceful_grave, layout_loops_cross, minmay_bisected
D:2:      minmay_roachtagon, layout_loops_ring, first_ration,
          minmay_tetromino_o4, uniq_natasha, uniq_terence,
          uniq_crazy_yiuf_cottage

Skill      XL: |  1  2  3 |
---------------+----------+-----
Conjurations   | 2 |  2.4
Spellcasting   | 5 |  5.2
Dodging        | 3 |  3.0
Stealth        | 3 |  3.0
Summonings     | |  1.1
Translocations | |  1.1

Action                   || total
-------------------------++-------
Melee: Dagger            ||     7
 Cast: Magic Dart        ||    80
  Eat: Chunk             ||     1
Dodge: Dodged            ||    16
